 Dungeon Crawl Stone Soup version 0.26-a0-812-g31a745ddcd (webtiles) character file.

Game seed: 15211850798575349887

55 Descartes the Covert (level 3, -1/17 HPs)
             Began as a Felid Delver on Nov 14, 2020.
             Slain by an adder (4 damage)
             ... on level 2 of the Dungeon.
             The game lasted 00:04:32 (2799 turns).

Descartes the Covert (Felid Delver)                 Turns: 2799, Time: 00:04:32

Health: -1/17      AC:  1    Str:  8    XL:     3   Next: 67%
Magic:  4/4        EV: 19    Int: 11    God:
Gold:   74         SH:  0    Dex: 18    Spells: 2/2 levels left
                                        Lives:  0   Deaths: 1

rFire    . . .     SeeInvis +     - Unarmed
rCold    . . .     Faith    .   (shield unavailable)
rNeg     . . .     Spirit   .   (armour unavailable)
rPois    .         Reflect  .   (helmet unavailable)
rElec    .         Harm     .   (cloak unavailable)
rCorr    .         Rampage  .   (gloves unavailable)
MR       .....                  (boots unavailable)
Stlth    +++++.....             (no amulet)
HPRegen  0.05/turn              (no ring)
MPRegen  0.09/turn              (no ring)

@: lethally poisoned (-1 -> -11), quick
A: very small, no armour, no weapons or thrown items, stealth, claws 1, fangs 3,
see invisible, speed 1, shaggy fur 1, sharp paws
a: no special abilities


You were on level 2 of the Dungeon.
You visited 1 branch of the dungeon, and saw 5 of its levels.

You collected 74 gold pieces.

Inventory:

Wands
 e - a wand of digging (3)
Scrolls
 a - a scroll of fog
 b - 2 scrolls of magic mapping
 c - 2 scrolls of fear
 f - a scroll of remove curse {unknown}
 g - 2 scrolls of enchant weapon {unknown}
 h - 2 scrolls of identify {unknown}
 i - 2 scrolls of blinking {unknown}
 l - a scroll of immolation {unknown}
Potions
 d - a potion of haste
 j - a potion of curing {unknown}
 k - a potion of berserk rage {unknown}


   Skills:
 - Level 3.2 Fighting
 + Level 3.2 Dodging
 + Level 8.5 Stealth
 + Level 2.4 Unarmed Combat


You had 2 spell levels left.
You didn't know any spells.
Your spell library was empty.

Dungeon Overview and Level Annotations

Branches:
Dungeon (5/15)
 Temple: D:4-7

Altars:
Elyvilon
Zin
The Shining One

Annotations:
D:2 Robin


Innate Abilities, Weirdness & Mutations

You cannot wear armour.
You are incapable of wielding weapons or throwing items.
Your paws allow you to move quietly. (Stealth)
You have sharp claws.
You have razor-sharp teeth.
You have supernaturally acute eyesight. (SInv)
You cover ground quickly.
You are covered in fur. (AC +1)
Your sharp claws are effective at attacking unaware monsters.


Message History

You are poisoned.
The adder poisons you!
You are too injured to fight recklessly!
You are too injured to fight recklessly!
You are too injured to fight recklessly!
An adder is nearby!
You miss the adder.
The adder is lightly wounded.
You feel sick. The adder misses you.
You barely miss the adder.
The adder is lightly wounded.
The adder bites you.
* * * LOW HITPOINT WARNING * * *
You are more poisoned.
The adder poisons you!
You miss the adder.
The adder is lightly wounded.
* * * LOW HITPOINT WARNING * * *
You feel sick. The adder bites you.
You die...

#.# #..#.# #.# ..... #(# #
#... ######## #.# .##..#..
##.....)# #.# ....!..)
##...###.# #.# ..#.#..#
##....†##.#####.# .....#
........#.......## ........
##.....########.@# ........
##..>## #..S.# .....###
##.## #.##...#. ..... ###
#.# .#.... .....
############ #.# ...##
#.......(..###.# ##.#
#............#.# #.#
#..#######.#.#.#####.######
##..###....................#


You could see an adder.

Vanquished Creatures
  An iguana (D:4)
  An adder (D:3)
  An ufetubus (D:4)
  2 worms (D:2)
  A dart slug (D:1)
  A leopard gecko (D:2)
  A giant cockroach (D:1)
  14 goblins
  7 hobgoblins
  5 jackals (D:1)
  6 kobolds
  7 bats
  3 frilled lizards (D:1)
  5 rats
55 creatures vanquished.

Notes
Turn   | Place    | Note
-------+----------+-------------------------------------------
     0 | D:5      | Descartes the Felid Delver began the quest for the Orb.
     0 | D:5      | Reached XP level 1. HP: 10/10 MP: 2/2
   272 | D:4      | Noticed an iguana
   280 | D:4      | Killed an iguana
   280 | D:4      | Reached skill level 7 in Stealth
   280 | D:4      | Reached XP level 2. HP: 14/14 MP: 3/3
   280 | D:4      | Reached XP level 3. HP: 17/17 MP: 4/4
   725 | D:2      | Noticed Robin
   976 | D:1      | Reached skill level 8 in Stealth
  1356 | D:1      | Reached XP level 4. HP: 21/21 MP: 5/5
  1962 | D:2      | Found a white marble altar of Elyvilon.
  2405 | D:2      | Mangled by a worm
  2406 | D:2      | Reached XP level 3. HP: -6/17 MP: 4/4
  2559 | D:2      | Found a glowing golden altar of the Shining One.
  2560 | D:2      | Found a glowing silver altar of Zin.
  2799 | D:2      | Slain by an adder

Illustrated notes

Levels and vault maps discovered:
D:1:      erik_arrival_cave_to_civilisation [erik_arrival_cave_to_temple],
          layout_rooms
D:2:      layout_loops_ring, good_gods_temple_1,
          hangedman_abyss_or_decor_lesser_grid, uniq_robin
D:3:      layout_loops_ring, uniq_jessica
D:4:      layout_basic, grunt_temple_overflow_open, serial_shops, shop
D:5:      layout_rooms, evilmike_ruin_ashenzari

Skill      XL: |  1  2  3 |
---------------+----------+-----
Dodging        | 3 |  3.2
Stealth        | 7 8 |  8.5
Fighting       | |  3.2
Unarmed Combat | |  2.4

Action                   |  1- 3 |  4- 6 || total
-------------------------+-------+-------++-------
Melee: Unarmed           |    92 |    66 ||   158
       Bite              |    10 |     4 ||    14
       Punch             |       |     2 ||     2
 Stab: Sleeping          |    12 |     8 ||    20
Armor: Skin              |     5 |     2 ||     7
Dodge: Dodged            |    96 |    39 ||   135

Table legend: (Time is in decaauts)
 A = Elapsed time spent in this place.
 B = Non-inter-level travel time spent in this place.
 C = Inter-level travel time spent in this place.
 D = Time resting spent in this place.
 E = Time spent auto-exploring this place.
 F = Levels seen in this place.
 G = Mean time per level.
                   A        B        C        D        E       F      G
               +--------+--------+--------+--------+--------+-----+--------+
         Total |   2569 |   2537 |     32 |    543 |   1476 |   5 |  513.8 |
       Dungeon |   2569 |   2537 |     32 |    543 |   1476 |   5 |  513.8 |
               +--------+--------+--------+--------+--------+-----+--------+

Top non-repeatable levels by time:
     D:2: 1027 daAuts
     D:1: 1012 daAuts
     D:4: 274 daAuts
     D:3: 246 daAuts
     D:5: 8 daAuts
